 Dungeon Crawl Stone Soup version 0.28-a0-245-g639a1a48b9 (webtiles) character file.

Game seed: 2169236239313229585

165 willcat the Sneak (level 5, -8/32 HPs)
             Began as a Kobold Delver on Aug 25, 2021.
             Killed by divine providence
             ... invoked by an orc priest
              (13 damage)
             ... on level 5 of the Dungeon.
             The game lasted 00:00:33 (480 turns).

willcat the Sneak (Kobold Delver)                    Turns: 480, Time: 00:00:34

Health: -8/32      AC:  3    Str: 10    XL:     5   Next: 75%
Magic:  5/5        EV: 13    Int: 11    God:
Gold:   17         SH:  8    Dex: 17    Spells: 4/4 levels left

rFire   . . .      SeeInvis .   a - +0 short sword
rCold   . . .      Faith    .   i - +0 kite shield
rNeg    . . .      Spirit   .   b - +0 leather armour
rPois   .          Reflect  .   (no helmet)
rElec   .          Harm     .   (no cloak)
rCorr   .          Rampage  .   (no gloves)
Will    .....                   (no boots)
Stlth   +++++.....              (no amulet)
HPRegen 0.10/turn               (no ring)
MPRegen 0.09/turn               (no ring)

@: no status effects
A: small, no large weapons, nightstalker 3
a: no special abilities


You were on level 5 of the Dungeon.
You visited 1 branch of the dungeon, and saw 1 of its levels.

You collected 17 gold pieces.

Inventory:

Hand Weapons
 a - a +0 short sword (weapon)
Armour
 b - a +0 leather armour (worn)
 i - a +0 kite shield (worn)
Wands
 g - a wand of digging (3)
Scrolls
 c - a scroll of fog
 d - 2 scrolls of magic mapping
 e - a scroll of fear
 h - 2 scrolls of identify {unknown}
Potions
 f - a potion of haste


   Skills:
 - Level 3.2 Fighting
 + Level 4.6 Short Blades
 + Level 4.2 Dodging
 + Level 7.8 Stealth
 + Level 0.5 Shields


You had 4 spell levels left.
You didn't know any spells.
Your spell library was empty.

Dungeon Overview and Level Annotations

Branches:
Dungeon (5/15)
 Temple: D:4-7

Altars:


Innate Abilities, Weirdness & Mutations

You are small and have problems with some larger weapons.
You are completely attuned to the shadows.


Message History

You kill the orc!
Unknown command.
You closely miss the orc priest.
The orc priest hits you with a +0 hand axe.
You hit the orc priest but do no damage.
The orc priest misses you.
Unknown command.
You hit the orc priest but do no damage.
You block the orc priest's attack.
The orc priest calls down the wrath of Beogh upon you.
Pain shoots through your body!
* * * LOW HITPOINT WARNING * * *
Unknown command.
You hit the orc priest.
The orc priest is lightly wounded.
You block the orc priest's attack.
Unknown command.
Okay, then.
You hit the orc priest but do no damage.
The orc priest is lightly wounded.
You block the orc priest's attack.
Unknown command.
You closely miss the orc priest.
The orc priest is lightly wounded.
The orc priest looks encouraged for a moment.
Unknown command.
You hit the orc priest but do no damage.
The orc priest is lightly wounded.
You block the orc priest's attack.
Unknown command.
You hit the orc priest but do no damage.
The orc priest is lightly wounded.
The orc priest hits you with a +0 hand axe.
* * * LOW HITPOINT WARNING * * *
Unknown command.
You hit the orc priest but do no damage.
The orc priest is lightly wounded.
The orc priest calls down the wrath of Beogh upon you.
Beogh smites you!
You die...

#.........+
...
#.....>####
... #...#.##
... ##.####
..# #.# .. #.#
###### #<#
#..... ##.##
#o# ##...##
#@#
#.....###.##.
#............!
#.....###.##..
##...## #.# #
##### #.# ..


You could see an orc priest.

Vanquished Creatures
  An ogre (D:5)
  2 hounds (D:5)
  An orc wizard (D:5)
  2 orcs (D:5)
6 creatures vanquished.

Notes
Turn   | Place    | Note
-------+----------+-------------------------------------------
     0 | D:5      | willcat the Kobold Delver began the quest for the Orb.
     0 | D:5      | Reached XP level 1. HP: 14/14 MP: 1/1
    57 | D:5      | Noticed an ogre
    62 | D:5      | Killed an ogre
    63 | D:5      | Reached skill level 7 in Stealth
    63 | D:5      | Reached XP level 2. HP: 19/19 MP: 2/2
    63 | D:5      | Reached XP level 3. HP: 23/23 MP: 3/3
    63 | D:5      | Reached XP level 4. HP: 28/28 MP: 4/4
   187 | D:5      | Reached XP level 5. HP: 32/32 MP: 5/5
   480 | D:5      | Killed from afar by an orc priest

Illustrated notes

Levels and vault maps discovered:
D:5:      layout_loops_corners, lemuel_coloured_pillars_altar,
          uniq_crazy_yiuf_cottage

Skill      XL: |  1  2  3  4  5 |
---------------+----------------+-----
Short Blades   | 4 |  4.6
Dodging        | 3 4 |  4.2
Stealth        | 7 |  7.8
Fighting       | |  3.2
Shields        | |  0.5

Action                   |  1- 3 |  4- 6 || total
-------------------------+-------+-------++-------
Melee: Short sword       |     3 |    33 ||    36
 Stab: Sleeping          |     1 |     2 ||     3
Armor: Leather armour    |       |     5 ||     5
Dodge: Dodged            |     1 |     9 ||    10
Block: Kite shield       |       |    13 ||    13

Table legend: (Time is in decaauts)
 A = Elapsed time spent in this place.
 B = Non-inter-level travel time spent in this place.
 C = Inter-level travel time spent in this place.
 D = Time resting spent in this place.
 E = Time spent auto-exploring this place.
 F = Levels seen in this place.
 G = Mean time per level.
                   A        B        C        D        E       F      G
               +--------+--------+--------+--------+--------+-----+--------+
         Total |    485 |    463 |     22 |      0 |    388 |   1 |  485.0 |
       Dungeon |    485 |    463 |     22 |      0 |    388 |   1 |  485.0 |
               +--------+--------+--------+--------+--------+-----+--------+

Top non-repeatable levels by time:
     D:5: 485 daAuts
